 Dungeon Crawl Stone Soup version 0.29.1-14-g9c671dbff4 (webtiles) character file.

Game seed: 6090816276702182017

43 Barneous the Sneak (level 3, 0/29 HPs)
             Began as a Human Wanderer on Feb 17, 2023.
             Slain by a goblin
             ... wielding a +0 club
              (3 damage)
             ... on level 2 of the Dungeon.
             The game lasted 00:04:05 (1070 turns).

Barneous the Sneak (Human Wanderer)                 Turns: 1070, Time: 00:04:06

Health: 0/29       AC:  5    Str: 11    XL:     3   Next: 82%
Magic:  3/3        EV: 10    Int: 17    God:
Gold:   84         SH:  0    Dex: 22    Spells: 2/2 levels left

rFire   . . .      SeeInvis .   a - +4 dagger
rCold   . . .      Faith    .   (no shield)
rNeg    . . .      Spirit   .   e - +2 leather armour
rPois   .          Reflect  .   (no helmet)
rElec   .          Harm     .   (no cloak)
rCorr   .          Rampage  .   (no gloves)
Will    .....                   (no boots)
Stlth   +++.......              (no amulet)
HPRegen 0.09/turn               i - +6 ring of dexterity
MPRegen 0.08/turn               j - +6 ring of intelligence

@: no status effects
A: no striking features
a: no special abilities


You were on level 2 of the Dungeon.
You visited 1 branch of the dungeon, and saw 2 of its levels.

You collected 84 gold pieces.

Inventory:

Hand Weapons
 a - a +4 dagger (weapon)
Armour
 e - a +2 leather armour (worn)
Jewellery
 i - a +6 ring of dexterity (left hand)
 j - a +6 ring of intelligence (right hand)
Scrolls
 c - a scroll of fog
 d - 3 scrolls of teleportation
 f - a scroll of magic mapping
 h - a scroll of amnesia
Potions
 k - 3 potions of curing


   Skills:
 + Level 3.3 Fighting
 + Level 1.8 Throwing
 + Level 5.3 Stealth
 + Level 1.7 Evocations


You had 2 spell levels left.
You didn't know any spells.
Your spell library contained the following spells:

 Spells                   Type           Power      Damage    Failure   Level
 Sandblast                Erth           0%         2d4       30%         1
 Passwall                 Tmut/Erth      0%         N/A       43%         2
 Stone Arrow              Conj/Erth      0%         3d7       67%         3


Dungeon Overview and Level Annotations

Branches:
Dungeon (2/15)

Altars:

Annotations:
D:2 Robin


Message History

Robin hits you from afar with a +0 spear.
The goblin hits you but does no damage. x2; The goblin closely misses you.
You hit the goblin.
You kill the goblin!
Robin throws the goblin out of sight!
The goblin closely misses you. x2
The kobold throws a stone.
The stone hits you but does no damage. Robin hits you with a +0 spear.
The goblin misses you.
The kobold throws a stone.
The stone hits the goblin.
The goblin hits you but does no damage.
You barely miss Robin.
You flicker back into view.
Robin closely misses you. The goblin hits you with a +0 club.
The goblin hits you but does no damage.
You hit Robin.
Robin is lightly wounded.
Robin hits you but does no damage. The goblin hits you with a +0 club.
The goblin barely misses you. The kobold barely misses you.
The goblin hits you but does no damage.
You closely miss Robin.
Robin is lightly wounded.
Robin barely misses you. The goblin barely misses you. The goblin misses you.
The kobold closely misses you. The goblin completely misses you.
You hit Robin.
Robin is lightly wounded.
Robin hits you with a +0 spear. The goblin barely misses you.
The goblin hits you with a +0 club. The kobold completely misses you.
The rat barely misses you. The goblin barely misses you.
You hit Robin.
Robin is moderately wounded.
Robin closely misses you. The goblin barely misses you.
The goblin hits you with a +0 club. The kobold hits you but does no damage.
The rat closely misses you. The goblin hits you but does no damage.
You hit Robin but do no damage.
Robin is lightly wounded.
Robin hits you with a +0 spear.
* * * LOW HITPOINT WARNING * * *
The goblin hits you with a +0 club.
* * * LOW HITPOINT WARNING * * *
The goblin hits you with a +0 club.
You die...

..###..
#........#
#P....#
........
#........#
#######
.#......
#........#
.#...... .
#........# .#
##...
..###......###
.# ##
#..........#
.# ###.......#
## #..ggg..#
##.K@)..#
#.rg...#
.........#
.........###
.........#
.........#
..........
r.......#.


You could see Robin, 3 goblins, a kobold and 2 rats.

Vanquished Creatures
  6 ball pythons
  3 endoplasms (D:1)
  A giant cockroach (D:1)
  8 goblins
  4 hobgoblins
  2 jackals (D:1)
  3 kobolds
  3 bats
  3 frilled lizards (D:1)
  4 rats
37 creatures vanquished.

Notes
Turn   | Place    | Note
-------+----------+-------------------------------------------
     0 | D:1      | Barneous the Human Wanderer began the quest for the Orb.
     0 | D:1      | Barneous set off with the following items: a +3 dagger, a
                  | potion of invisibility, a scroll of fog, a scroll of
                  | teleportation, a +0 leather armour.
     0 | D:1      | Reached XP level 1. HP: 18/18 MP: 1/1
   171 | D:1      | Reached XP level 2. HP: 24/24 MP: 2/2
   689 | D:1      | Reached XP level 3. HP: 29/29 MP: 3/3
   999 | D:2      | Found a faded altar of an unknown god.
  1049 | D:2      | Noticed Robin
  1070 | D:2      | Slain by a goblin

Illustrated notes

Levels and vault maps discovered:
D:1:      saegor_arrival_simple_a, layout_basic, minmay_misc_feat_hallway,
          minmay_tetromino_s2
D:2:      layout_basic, shapermc_ecumenical_altar_ellora, uniq_robin,
          uniq_crazy_yiuf_cottage

Action                   || total
-------------------------++-------
Melee: Dagger            ||    77
  Use: Scroll            ||     9
       Potion            ||     2
 Stab: Sleeping          ||     9
       Invisible         ||     3
Armor: Leather armour    ||    30
Dodge: Dodged            ||    60
